[Event "Khanty-Mansiysk FIDE GP"]
[Site "Khanty-Mansiysk"]
[Date "2015.05.15"]
[Round "2"]
[White "Giri, Anish"]
[Black "Karjakin, Sergey"]
[Result "1/2-1/2"]
[ECO "A04"]
[WhiteElo "2776"]
[BlackElo "2753"]
[PlyCount "61"]
[EventDate "2015.05.14"]
[EventType "tourn"]
[EventRounds "11"]
[EventCountry "RUS"]
[EventCategory "21"]
[SourceTitle "CBM 167"]
[Source "ChessBase"]
[SourceDate "2015.07.13"]
[SourceVersion "1"]
[SourceVersionDate "2015.07.13"]
[SourceQuality "1"]
[TimeControl "40/7200+30:1000/900+30:0"]
[WhiteClock "0:26:33"]
[BlackClock "0:03:54"]

1. Nf3 Nf6 2. g3 c5 3. Bg2 Nc6 4. O-O e5 {[%emt 0:01:03] Some sort of strange Reti position, in which Black
never played d5. Giri overpressed, and despite having the pair of bishops and
some open files on the kingside, he was in danger as his structure on the
queenside was decimated and his central pawns were under attack.} 5. e4 Be7 6. Nc3 d6 7. d3 O-O 8. h3 Rb8 (8... Bd7 9. Nd2 Nd4 10. a4 Nc6 11. Nc4 Nb4 12. f4 exf4 13.
Bxf4 Be6 14. Ne3 d5 15. Nf5 Bxf5 16. exf5 Bd6 17. Ne2 h6 18. c3 Nc6 19. g4 Re8
20. Qd2 Bxf4 21. Nxf4 d4 22. Qf2 Qd6 23. Rae1 Rad8 24. c4 b6 25. Bxc6 Qxc6 26.
b3 a6 27. Qg3 Rxe1 28. Rxe1 Re8 29. Rxe8+ Qxe8 30. Kf2 b5 31. axb5 axb5 32. Qf3
bxc4 33. bxc4 Qe5 34. Qg3 Qb8 35. Ne2 Qb1 36. Qf3 Kh7 37. h4 h5 38. gxh5 {
Kramnik,V (2783)-Karjakin,S (2760) Zuerich 2015 1/2-1/2}) 9. Nh2 Bd7 $146 (9... b5 10. Ng4 Bxg4 11. hxg4 b4 12. Nd5 Nxd5
13. exd5 Nd4 14. c3 Nb5 15. Bd2 Bg5 16. Be1 bxc3 17. bxc3 Qc8 18. Qa4 Rb6 19.
Rb1 Qb7 20. Rb3 g6 21. f4 exf4 22. gxf4 Bf6 23. Bd2 Rb8 24. Qe4 Qd7 25. g5 Bg7
26. Re1 Nc7 27. Qe7 Qxe7 28. Rxe7 Rxb3 29. axb3 Nb5 30. d4 cxd4 31. c4 Nc3 32.
Rxa7 d3 33. Ra2 Nxa2 {0-1 (33) Romanishin,O (2610)-Savon,V (2560) Kiev 1978})
10. Ng4 Qc8 11. Nxf6+ Bxf6 12. Kh2 Be6 13. f4 exf4 14. gxf4 Bxc3 15. bxc3 f5 16. Be3 Qc7 17. Qd2 fxe4 18. dxe4 Na5 19. Bf2 Nc4 20. Qc1 Bd7 21. f5 Bc6 22. Bh4 Rbe8 23. Qf4 Qa5 24. f6 Rf7 25. Qg3 Nd2 26. Rf4 Nxe4 27. Bxe4 Rxe4 28. Rxe4 Bxe4 29. Re1 Bc6 30. Qxd6 Qc7 $6 $138 {[%emt 0:01:37] Karjakin
definitely had the better chances, and near the end instead of the safe 30...
Qc7?! he could have tried to go for the win with 30...Qxa2! taking a pawn and
asking Giri if he had any real compensation.} (30... Qxa2) 31. Qxc7 1/2-1/2

[Event "Khanty-Mansiysk FIDE GP"]
[Site "Khanty-Mansiysk"]
[Date "2015.05.17"]
[Round "4"]
[White "Gelfand, Boris"]
[Black "Giri, Anish"]
[Result "1/2-1/2"]
[ECO "D38"]
[WhiteElo "2744"]
[BlackElo "2776"]
[PlyCount "79"]
[EventDate "2015.05.14"]
[EventType "tourn"]
[EventRounds "11"]
[EventCountry "RUS"]
[EventCategory "21"]
[SourceTitle "CBM 167"]
[Source "ChessBase"]
[SourceDate "2015.07.13"]
[SourceVersion "1"]
[SourceVersionDate "2015.07.13"]
[SourceQuality "1"]
[TimeControl "40/7200:20/3600:900+30"]

1. d4 Nf6 2. c4 e6 3. Nf3 d5 4. Nc3 Bb4 5. Bg5 h6 6. Bxf6 Qxf6 7. e3 O-O 8.
Rc1 dxc4 9. Bxc4 c5 10. O-O cxd4 11. Ne4 Qe7 12. Nxd4 Bd7 13. Bd3 (13. Qh5 Nc6 14. Nb3 {Aronian,L (2804)-Anand,V 
(2785) Grand Slam Final 7th 2014 (6) 1-0}) 13... Nc6 14. Nb3 Na5 $146 (14... Rfd8 15. a3 Ba5 16. Nd6 Be8
17. Nxe8 Qxe8 18. Nxa5 Nxa5 19. b4 Nc6 20. Qb3 Ne7 21. Rc7 Rab8 22. Be4 Nd5 23.
Rc4 Rd7 24. Rfc1 Rbd8 25. Bf3 Qe7 26. Rd4 b6 27. g3 g6 28. Rcd1 Nf6 {1/2-1/2 
(28) Gelfand,B (2747)-Leko,P (2713) Tsaghkadzor 2015}) 15. Rc7 Rfd8 (15... Nxb3 16. Rxb7 Rab8 17. Rxb8 Rxb8 18. Qxb3 $14 {
Roiz}) 16. a3 Nxb3 17. Qxb3 Ba5 18. Rxb7 {[%emt 0:01:07] Gelfand "won" a pawn in this
Ragozin, but the resulting initiative allowed Giri to have a very pleasant
double rook endgame, even though he was the one with a material deficit.
Gelfand had no problems holding the draw either, though.} Ba4 19. Rxe7 Bxb3 20. Nc5 Bb6 21. Nxb3 Rxd3 22. Nd4 Bxd4 23. exd4 Rb8 24. Rxa7 Rxb2 25. Ra4 Ra2 26. h4 g6 27. g3 Kg7 28. Kg2 g5 29. hxg5 hxg5 30. g4 Kf6 31. Re1 Rdd2 32. Rf1 Rd3 33. Re1 Rdxa3 34. Rxa3 Rxa3 35. Rd1 Ke7 36. d5 e5 37. Rb1 Rd3 38. Rb7+ Kf6 39. Rb6+ Ke7 40. Rb7+ 1/2-1/2

[Event "Tata Steel-A 79th"]
[Site "Wijk aan Zee"]
[Date "2017.01.14"]
[Round "1"]
[White "Karjakin, Sergey"]
[Black "Giri, Anish"]
[Result "1/2-1/2"]
[ECO "B90"]
[WhiteElo "2785"]
[BlackElo "2773"]
[PlyCount "69"]
[EventDate "2017.01.14"]
[EventType "tourn"]
[EventRounds "13"]
[EventCountry "NED"]
[EventCategory "21"]
[SourceTitle "CBM 177"]
[Source "ChessBase"]
[SourceDate "2017.03.16"]
[SourceVersion "1"]
[SourceVersionDate "2017.03.16"]
[SourceQuality "1"]
[TimeControl "40/6000+30:20/3000+30:900+30"]

1. e4 c5 2. Nf3 d6 3. d4 cxd4 4. Nxd4 Nf6 5. Nc3 a6 6. a3 e5 7. Nf3 Be7 8. Bc4 Be6 9. Ba2 O-O 10. O-O b5 11. Re1 Re8 12. Bg5 Nbd7 13.
Nd2 Rb8 14. Bxf6 Nxf6 15. Nf1 b4 16. Nd5 bxa3 17. bxa3 Nxd5 18. Bxd5 Bg5 19. g3 Qd7 20. Qd3 Rb6 21. h4 Bh6 22. Reb1 Reb8 23. Rb3 Bxd5 24. Qxd5 g6 25. Rab1 Rxb3 26. Rxb3 Qc7 27. a4 Bc1 28. Kg2 h5 29. Nh2 Rxb3 30. cxb3 Qc2 31. Nf1 a5 32. Kf3 Qc3+ 33. Ke2 Qc2+ 34. Kf3 Qc3+ 35. Ke2 1/2-1/2

[Event "Tata Steel-A 79th"]
[Site "Wijk aan Zee"]
[Date "2017.01.16"]
[Round "3"]
[White "Wojtaszek, Radoslaw"]
[Black "Giri, Anish"]
[Result "1/2-1/2"]
[ECO "D12"]
[WhiteElo "2750"]
[BlackElo "2773"]
[PlyCount "82"]
[EventDate "2017.01.14"]
[EventType "tourn"]
[EventRounds "13"]
[EventCountry "NED"]
[EventCategory "21"]
[SourceTitle "CBM 177"]
[Source "ChessBase"]
[SourceDate "2017.03.16"]
[SourceVersion "1"]
[SourceVersionDate "2017.03.16"]
[SourceQuality "1"]
[TimeControl "40/6000+30:20/3000+30:900+30"]

1. d4 d5 2. c4 c6 3. Nf3 Nf6 4. e3 Bf5 5. Nc3 e6 6. Nh4 Be4 7. f3 Bg6 8. Qb3 Qc7 9. Bd2 Be7 10. g3 O-O 11. Rc1 dxc4 12. Bxc4 Nbd7 13. Nxg6 hxg6 14. O-O e5 15. d5 Nc5 16. Qc2 b5 17. Be2 cxd5 18. Nxb5 Qb6 19. b4 Ne6 20. Qc6 Rfb8 21. Qxb6 Rxb6 22. a3 Bd8 23. Nc3 d4 24. Na4 Rd6 25. Bc4 Nd5 26. Bxd5 Rxd5 27. e4 Rd7 28. Nb2 d3 29. Be3 Bb6 30. Kf2 f5 31. Nc4 fxe4 32. Bxb6 d2 33. Rcd1 axb6 34. Rxd2 Rd4 35. Rxd4 exd4 36. fxe4 b5 37. Ne5 Rxa3 38. Rc1 Ng5 39. Rc8+ Kh7 40. Rd8 Nxe4+ 41. Kg2 Ra2+ 1/2-1/2

[Event "Tata Steel-A 79th"]
[Site "Wijk aan Zee"]
[Date "2017.01.19"]
[Round "5"]
[White "Wei, Yi"]
[Black "Giri, Anish"]
[Result "1/2-1/2"]
[ECO "B19"]
[WhiteElo "2706"]
[BlackElo "2773"]
[PlyCount "86"]
[EventDate "2017.01.14"]
[EventType "tourn"]
[EventRounds "13"]
[EventCountry "NED"]
[EventCategory "21"]
[SourceTitle "CBM 177"]
[Source "ChessBase"]
[SourceDate "2017.03.16"]
[SourceVersion "1"]
[SourceVersionDate "2017.03.16"]
[SourceQuality "1"]
[TimeControl "40/6000+30:20/3000+30:900+30"]

1. e4 c6 2. d4 d5 3. Nd2 dxe4 4. Nxe4 Bf5 5. Ng3 Bg6 6. h4 h6 7. Nf3 e6 8. Ne5 Bh7 9. Bd3 Bxd3 10. Qxd3 Nd7 11. f4 Be7 12. Bd2 Nxe5 13.
fxe5 Bxh4 14. O-O-O Bxg3 15. Qxg3 Ne7 16. Bb4 Nf5 17. Qf4 g5 18. Qf2 $146 (18. Qf3 g4 19. Qxg4 Qd5 20. Qh5 O-O-O 21.
Rh3 Qxg2 22. Rd2 Qg1+ 23. Rd1 Qg5+ 24. Qxg5 hxg5 25. Rxh8 Rxh8 26. Bc3 g4 27.
Rg1 g3 28. Kd2 Rh4 29. Kd3 b5 30. a3 Kd7 31. b3 Rf4 32. Bb2 Rf3+ 33. Ke2 Rf2+
34. Kd3 g2 35. Bc3 Rf3+ 36. Kd2 Nh4 {0-1 (36) Puranik,A (2475)-Melkumyan,H 
(2640) Warsaw 2016}) 18... g4 19. c4 Qb6 20. Bc5 Qa6 21. b3 g3 22. Qd2 O-O-O 23.
Kb2 b6 24. Bd6 Nxd6 25. exd6 Rxd6 26. Qf4 Rd7 27. d5 cxd5 28. cxd5 exd5 29. Qg4 Qb7 30. Qf4 Qb8 31. Qf6 Kb7 32. Rxd5 Rxd5 33. Qxf7+ Kc6 34. Rc1+ Rc5 35. Qf3+ Kb5 36.
Qd3+ Ka5 37. Qd4 Ka6 38. Qa4+ Ra5 39. Qc4+ Rb5 40. Qa4+ Ra5 41. Qc4+ Rb5 42. Qa4+ Kb7 43. Qe4+ Ka6 1/2-1/2

[Event "Tata Steel-A 79th"]
[Site "Wijk aan Zee"]
[Date "2017.01.24"]
[Round "9"]
[White "Giri, Anish"]
[Black "Rapport, Richard"]
[Result "1/2-1/2"]
[ECO "E16"]
[WhiteElo "2773"]
[BlackElo "2702"]
[PlyCount "71"]
[EventDate "2017.01.14"]
[EventType "tourn"]
[EventRounds "13"]
[EventCountry "NED"]
[EventCategory "21"]
[SourceTitle "CBM 177"]
[Source "ChessBase"]
[SourceDate "2017.03.16"]
[SourceVersion "1"]
[SourceVersionDate "2017.03.16"]
[SourceQuality "1"]
[TimeControl "40/6000+30:20/3000+30:900+30"]

1. d4 Nf6 2. c4 e6 3. Nf3 b6 4. g3 Bb7 5. Bg2 Bb4+ 6. Bd2 a5 7. O-O O-O 8. Bf4 Be7 9. Nc3 Ne4 10. Qc2 Nxc3 11. Qxc3 d6 12. Qc2 (12. Qd3 Nd7 13. e4 Bf6 14. Be3 g6
15. Rad1 Bg7 16. Rfe1 e5 17. Bg5 Qe8 18. Qd2 f6 19. Bh6 Qf7 20. Bxg7 Kxg7 21.
h4 Rae8 22. b3 Re7 23. h5 g5 24. h6+ Kxh6 25. Nh4 Ree8 26. Nf5+ Kg6 27. Bf3 h5
28. Kg2 Rh8 29. Qe2 h4 30. d5 h3+ 31. Kh2 Bc8 32. a3 Nc5 33. b4 Nb3 34. Bg4
Bxf5 35. Bxf5+ Kg7 36. Qg4 axb4 37. axb4 Nd4 38. c5 bxc5 39. bxc5 dxc5 40. Rc1
Qe7 41. f4 exf4 {Ding,L (2781)-Wang,Y (2729) Shenzhen 2015 0-1}) 12... f5 13. Rad1 $146 (13. Rfd1 Bf6 14. c5 bxc5 15.
dxc5 Be4 16. Qb3 d5 17. Ne1 Bxg2 18. Kxg2 Ra7 19. Qe3 Re8 20. Be5 Bxe5 21. Qxe5
Nc6 22. Qc3 Qf6 23. Rac1 Qxc3 24. Rxc3 Rb7 25. Nd3 e5 26. e3 Kf7 27. Rd2 g5 28.
f4 e4 29. Nc1 g4 30. b3 Ke6 31. h3 h5 32. hxg4 hxg4 33. Ne2 Rbb8 34. Rc1 Rh8
35. Rcd1 Nb4 36. Nd4+ Kf6 37. Rh1 Rxh1 38. Kxh1 Rh8+ 39. Kg2 Nd3 40. Rd1 Nb4
41. Rd2 Nd3 42. Rd1 Nb4 {Jianu,V (2563)-Marin,M (2580) Mamaia 2015 1/2-1/2})
13... Be4 14. Qc1 Qe8 15.
Qe3 Bf6 16. c5 bxc5 17. dxc5 e5 18. Qb3+ Qf7 19. Bg5 Qxb3 20. axb3 h6 21. Bxf6 Rxf6 22. cxd6 cxd6 23. Nd2 Bxg2 24. Kxg2 Nc6 25. Nc4 Nd4 26. f4 Nxb3 27. Rxd6 Rxd6 28. Nxd6 exf4 29. Rxf4 Rd8 30. Nxf5 Rd2 31. Kf2 Nc1 32. Rc4 Nxe2 33. Rc8+ Kf7 34. Rb8 Nc3+ 35. Kf3 Nd1 36. b3 1/2-1/2

[Event "Tata Steel-A 79th"]
[Site "Wijk aan Zee"]
[Date "2017.01.25"]
[Round "10"]
[White "Van Wely, Loek"]
[Black "Giri, Anish"]
[Result "1/2-1/2"]
[ECO "D43"]
[WhiteElo "2695"]
[BlackElo "2773"]
[PlyCount "62"]
[EventDate "2017.01.14"]
[EventType "tourn"]
[EventRounds "13"]
[EventCountry "NED"]
[EventCategory "21"]
[SourceTitle "CBM 177"]
[Source "ChessBase"]
[SourceDate "2017.03.16"]
[SourceVersion "1"]
[SourceVersionDate "2017.03.16"]
[SourceQuality "1"]
[TimeControl "40/6000+30:20/3000+30:900+30"]

1. d4 d5 2. c4 e6 3. Nf3 Nf6 4. Nc3 c6 5. Bg5 h6 6. Bxf6 Qxf6 7. g3 Nd7 8.
Bg2 dxc4 9. O-O Be7 10. e3 (10. Ne4 Qf5 11. Ned2 e5 12. e4 Qh5 13.
Nxc4 exd4 14. Qxd4 Qc5 15. e5 O-O 16. Qe4 Nb6 17. Ne3 Qb4 18. Nd4 Rd8 19. Rad1
Qxb2 20. e6 Bxe6 21. Nxe6 fxe6 22. Bh3 Kh8 23. Bxe6 g5 24. Ng4 Rxd1 25. Rxd1
Qg7 26. Ne5 Qf6 27. Bb3 Kg7 28. Ng4 {1-0 (28) Mamedyarov,S (2761)-Gelfand,B 
(2743) Moscow 2016}) 10... O-O 11. Nd2 Nb6 12. a4 a5 13. f4 $146 (13. Nce4 Qg6 14. f4 f5 15. Nc3 c5 16. Nf3 Qh5 17. Qe2 Rd8 18.
Rfd1 Bd7 19. Kh1 Bc6 20. e4 fxe4 21. Ne5 Qxe2 22. Nxe2 Bxa4 23. Rd2 e3 {
0-1 (23) Joergensen,B (2285)-Klausen,T (2335) corr 1997}) 13... Bb4 14. Qe2 c5 15. dxc5 Bxc5 16. Nce4 Qe7 17. Nxc5 Qxc5 18. Rfc1 Bd7 19. Nxc4 Nxc4 20. Rxc4 Qb6 21. Rd1 Rfd8 22.
Rcd4 Be8 23. Rxd8 Rxd8 24. Rxd8 Qxd8 25. Bxb7 Bxa4 26. Be4 g6 27. Kf2 Qc7 28. Qd2 Bb5 29. Bf3 e5 30. h4 exf4 31. gxf4 Bd7 1/2-1/2

[Event "Tata Steel-A 79th"]
[Site "Wijk aan Zee"]
[Date "2017.01.28"]
[Round "12"]
[White "Adhiban, Baskaran"]
[Black "Giri, Anish"]
[Result "1/2-1/2"]
[ECO "C28"]
[WhiteElo "2653"]
[BlackElo "2773"]
[PlyCount "68"]
[EventDate "2017.01.14"]
[EventType "tourn"]
[EventRounds "13"]
[EventCountry "NED"]
[EventCategory "21"]
[SourceTitle "CBM 177"]
[Source "ChessBase"]
[SourceDate "2017.03.16"]
[SourceVersion "1"]
[SourceVersionDate "2017.03.16"]
[SourceQuality "1"]
[TimeControl "40/6000+30:20/3000+30:900+30"]

1. e4 e5 2. Bc4 Nf6 3. d3 Nc6 4. Nc3 Bb4 5. Nge2 d5 6. exd5 Nxd5 7. O-O Be6 8. Bxd5 Bxd5 9. f4 f6 (9... Bxc3 10. Nxc3 O-O 11. f5 f6 12. Qg4 Nd4 13. Rf2 c5 14.
Be3 b6 15. Re1 Rc8 16. Bc1 c4 17. Re3 Ba8 18. Rh3 Rf7 19. Qh5 h6 20. dxc4 Rd7
21. Rg3 Rxc4 22. Bxh6 b5 23. Rd2 Rcc7 24. Nxb5 Rxc2 25. Rxc2 Nxc2 26. h3 Ne1
27. Nd6 Qb6+ 28. Kh2 Qxd6 29. Qe8+ Kh7 30. Qg6+ Kg8 31. Qe8+ Kh7 32. Qxa8 Nd3
33. Be3 Nf4 34. Rg4 g5 35. fxg6+ Nxg6 36. Qe4 Qd3 37. Qf3 f5 38. Rg3 Nf4 39.
Bxf4 {Hamdouchi,H (2592)-Ipatov,A (2512) Salou 2011 1-0}) 10. fxe5 Nxe5 11. Nxd5 Qxd5 12.
c3 Bd6 13. Nf4 Qf7 14. d4 O-O-O 15. Qa4 a6 16. Qb3 Qxb3 17. axb3 Ng6 18. Nxg6 hxg6 19. Bf4 Bxf4 20. Rxf4 Rde8 21. h3 g5 22. Rf5 Re2 23. Rf2 Rhe8 24. Raf1 Kd7 25. Rxe2 Rxe2 26. Rf2 Re1+ 27. Rf1 Re2 28. Rf2 Re1+ 29. Rf1 Rxf1+ 30. Kxf1 Ke6 31. Ke2 Kf5 32. Kf3 a5 33. c4 b6 34. Ke3 Ke6 1/2-1/2

[Event "Tata Steel-A 79th"]
[Site "Wijk aan Zee"]
[Date "2017.01.29"]
[Round "13"]
[White "Giri, Anish"]
[Black "Eljanov, Pavel"]
[Result "1/2-1/2"]
[ECO "E19"]
[WhiteElo "2773"]
[BlackElo "2755"]
[PlyCount "126"]
[EventDate "2017.01.14"]
[EventType "tourn"]
[EventRounds "13"]
[EventCountry "NED"]
[EventCategory "21"]
[SourceTitle "CBM 177"]
[Source "ChessBase"]
[SourceDate "2017.03.16"]
[SourceVersion "1"]
[SourceVersionDate "2017.03.16"]
[SourceQuality "1"]
[TimeControl "40/6000+30:20/3000+30:900+30"]

1. d4 Nf6 2. c4 e6 3. Nf3 b6 4. g3 Bb7 5. Bg2 Be7 6. O-O O-O 7. Nc3 Ne4 8.
Qc2 Nxc3 9. Qxc3 d6 10. b3 Nd7 11. Bb2 Be4 (11... a5 12. Rad1 Qe8 13. Qc2 Nf6 14. Ne1 Bxg2
15. Nxg2 a4 16. e4 b5 17. e5 axb3 18. axb3 dxe5 19. dxe5 Nd7 20. Nf4 Nb6 21.
cxb5 Qxb5 22. Qxc7 Bg5 23. Bd4 Bxf4 24. Qxb6 Qxb6 25. Bxb6 Bxe5 26. Bc5 Rfb8
27. b4 h5 28. Rd7 Rb5 29. Rc1 Ra3 30. Rc4 Rb8 31. Kg2 Rb3 32. Rh4 g6 33. Re4
Bf6 34. h4 Rd8 35. Rb7 Rd5 36. Rc7 g5 37. hxg5 Rxg5 38. Rf4 Kg7 39. Rf3 Rb1 40.
Bf8+ Kg6 41. Be7 {Batchuluun,T (2523)-Matlakov,M (2692) St Petersburg 2014 1/
2-1/2}) 12. Bh3 Bf6 13. Rad1 $146 (13. Nd2 Bb7 14. Qd3 e5 15. Qf5 Bc8 16. Qf3 Rb8 17. Ne4 Re8 18. Nxf6+
Qxf6 19. Qxf6 Nxf6 20. Bxc8 Rbxc8 21. dxe5 dxe5 22. Rfd1 Ne4 23. Rd5 f6 24.
Rad1 a5 25. e3 c6 26. Rd7 Nc5 27. R7d2 Ne4 28. Rd7 Nc5 29. R7d2 {1/2-1/2 (29)
Ashwin,J (2465)-Arun Prasad,S (2491) Rockville 2016}) 13... Qe7 14. Rd2 a5 15. Qe3 Bb7 16. d5 Bxb2 17. dxe6 Bf6 18. exd7 Qxe3 19. fxe3 Rad8 20. Nd4 Bxd4 21. exd4 Bc6 22. c5 Bxd7 23. Bxd7 Rxd7 24. cxb6 cxb6 25. Rc1 d5 26. Rc6 Rb8 27. Rdc2 Kf8 28. Kf2 Ke7 29. Kf3 Rd6 30. Rc7+ Ke6 31. a3 Rbd8 32. Kf4 Kf6 33. R2c6 g5+ 34. Kf3 h5 35. b4 axb4 36. axb4 Rxc6 37. Rxc6+ Kf5 38. Rxb6 Ra8 39. Rd6 Ra3+ 40. Kf2 Ke4 41. Rf6 Rb3 42. h4 Kxd4 43. hxg5 Rxb4 44. Rxf7 Ke5 45. Rh7 Kf5 46. Rxh5 Kg6 47. Rh4 d4 48. Kf3 Rb3+ 49. Kf2 Rb4 50. Re4 Kf5 51. Rf4+ Kxg5 52. Ke1 Rb1+ 53. Kd2 Rg1 54. Rf3 Kg4 55. Rf4+ Kg5 56. Rxd4 Rxg3 57. Rd3 Rg4 58. Rf3 Ra4 59. Rf8 Kg6 60. Ke3 Ra3+ 61. Kf4 Ra6 62. Rf5 Re6 63. e4 Rf6 1/2-1/2